 Dungeon Crawl Stone Soup version 0.30.1-11-g7821555f0a (webtiles) character file.

Game seed: 1165560228208807792

302558 Nonny the Slayer (level 21, -8/196 HPs)
             Began as a Merfolk Gladiator on Dec 7, 2023.
             Was the Champion of Dithmenos.
             Mangled by the Royal Jelly (17 damage)
             ... on level 5 of the Pits of Slime on Dec 8, 2023.
             The game lasted 02:58:05 (43258 turns).

Nonny the Slayer (Merfolk Gladiator)               Turns: 43258, Time: 02:58:06

Health: -8/196     AC:  9    Str: 16    XL:     21   Next: 6%
Magic:  18/18      EV: 26    Int: 17    God:    Dithmenos [******]
Gold:   1642       SH: 15    Dex: 24    Spells: 12/20 levels left

rFire   + . .        I - +9 scimitar (freeze)
rCold   + + .        r - +0 kite shield {reflect}
rNeg    + . .        s - +4 troll leather armour
rPois   .            (helmet restricted)
rElec   .            O - scarf {rC+ rF+}
rCorr   +            A - +1 pair of gloves
SInv    .            j - +2 pair of boots {rampage}
Will    +++..        (no amulet) Stlth **++++++++
                     Z - ring of willpower
HPRegen 1.32/turn    b - ring of the Sun {Fly rC+ rN+ rCorr Int+7 Stlth-}
MPRegen 0.16/turn

%: reflection, rampage
@: about to teleport, corroded, flying, hasted, wreathed by umbra, very quick
A: (nimble swimmer 2), mertail, horns 1, thin skeletal structure 1, deformed
body, low MP 1, strong-willed 1, sense surroundings 1, shaggy fur 1
}: 2/15 runes: decaying, gossamer
a: Renounce Religion, Shadow Step, Shadow Form


You were on level 5 of the Pits of Slime.
You worshipped Dithmenos.
Dithmenos was exalted by your worship.
You visited 9 branches of the dungeon, and saw 38 of its levels.
You also visited: Bailey, Ice Cave and Desolation.

You collected 4155 gold pieces.
You spent 2513 gold pieces at shops.

Inventory:

Hand Weapons
 p - a +2 demon blade of protection
 I - a +9 scimitar of freezing (weapon)
 U - the +8 dagger of Purpose {drain, rElec rC+}
   (You took it off an imperial myrmidon in the Desolation of Salt)

   rC:        It protects you from cold.
   rElec:     It insulates you from electricity.
Missiles
 e - a javelin
 g - 184 stones (quivered)
 m - a curare-tipped dart
 q - 29 poisoned darts
 E - 26 boomerangs
 P - 3 silver boomerangs
Armour
 j - a +2 pair of boots of rampaging (worn)
 r - a +0 kite shield of reflection (worn)
 s - a +4 troll leather armour (worn)
 A - a +1 pair of gloves (worn)
 O - a scarf of resistance (worn)
 T - a +2 helmet of see invisible
Jewellery
 a - a +6 ring of dexterity
 b - the ring of the Sun (right hand) {Fly rC+ rN+ rCorr Int+7 Stlth-}
   (You took it off a servant of whispers in the Desolation of Salt)

   [ring of positive energy]

   Int:       It affects your intelligence (+7).
   rC:        It protects you from cold.
   rN:        It protects you from negative energy.
   Fly:       It grants you flight.
   rCorr:     It protects you from acid and corrosion.
   Stlth:     It makes you less stealthy.
 o - a ring of positive energy
 t - the ring "Qauwan" {rElec rPois SInv}
   (You acquired it in a bailey)

   [ring of poison resistance]

   rElec:     It insulates you from electricity.
   rPois:     It protects you from poison.
   SInv:      It lets you see invisible.
 u - a ring of willpower
 Z - a ring of willpower (left hand)
Wands
 h - a wand of flame (69)
 y - a wand of polymorph (14)
 C - a wand of charming (22)
 M - a wand of iceblast (23)
 S - a wand of light (15)
 W - a wand of digging (5)
 X - a wand of mindburst (18)
Scrolls
 i - a scroll of immolation
 k - 5 scrolls of teleportation
 v - a scroll of summoning
 B - a scroll of fear
 D - 4 scrolls of poison
 F - 3 scrolls of fog
 G - 2 scrolls of magic mapping
 J - 2 scrolls of blinking
 L - 9 scrolls of identify
 N - a scroll of silence
Potions
 d - 2 potions of invisibility
 f - 15 potions of curing
 l - 7 potions of cancellation
 n - 2 potions of heal wounds
 w - 6 potions of might
 x - 10 potions of haste
 H - 4 potions of magic
 K - a potion of mutation
 Q - 5 potions of flight
Miscellaneous
 c - a phantom mirror
 z - a lightning rod (4/4)
 R - a phial of floods
 V - a box of beasts
 Y - a tin of tremorstones (2/2)


   Skills:
 + Level 24.4 Fighting
 - Level 15.3 Long Blades
 - Level 9.3 Throwing
 - Level 6.0 Armour
 - Level 17.7 Dodging
 - Level 15.0 Stealth
 - Level 15.0 Shields
 * Level 5.4 Conjurations
 - Level 15.0 Ice Magic
 - Level 6.0 Evocations


You had 12 spell levels left.
You knew the following spells:

 Your Spells              Type           Power      Damage    Failure   Level
a - Freezing Cloud        Conj/Ice/Air   11%        6-21      63%         5
b - Frozen Ramparts       Ice            100%       1d16      1%          3

Your spell library contained the following spells:

 Spells                   Type           Power      Damage    Failure   Level
 Freeze                   Ice            100%       1d10      1%          1
 Hailstorm                Conj/Ice       34%        3d9       2%          3
 Magic Dart               Conj           72%        1d6       5%          1
 Searing Ray              Conj           36%        2d5       8%          2
 Foxfire                  Conj/Fire      36%        2x1d5     16%         1
 Kiss of Death            Conj/Necr      36%        2d8       16%         1
 Momentum Strike          Conj/Tloc      18%        3d8       24%         2
 Static Discharge         Conj/Air       18%        2-3/arc   24%         2
 Sandblast                Erth           0%         2d4       43%         1
 Sting                    Tmut/Pois      0%         1d3       43%         1
 Mephitic Cloud           Conj/Pois/Air  6%         N/A       56%         3
 Blink                    Tloc           0%         N/A       58%         2
 Cigotuvi's Dreadful Rot  Necr/Pois/Air  0%         N/A       58%         2
 Lesser Beckoning         Tloc           0%         N/A       58%         2
 Poisonous Vapours        Pois/Air       0%         N/A       58%         2
 Wereblood                Tmut           0%         N/A       58%         2
 Gell's Gravitas          Tloc           0%         N/A       82%         3
 Inner Flame              Hex/Fire       0%         N/A       82%         3
 Teleport Other           Tloc           0%         N/A       82%         3
 Fulminant Prism          Conj/Hex       4%         3d5       85%         4
 Airstrike                Air            0%         2d(0-16)  99%         4
 Animate Armour           Summ/Erth      0%         N/A       99%         4
 Animate Dead             Necr           0%         N/A       99%         4
 Leda's Liquefaction      Hex/Erth       0%         N/A       99%         4
 Olgreb's Toxic Radiance  Pois           0%         N/A       99%         4
 Passage of Golubria      Tloc           0%         N/A       99%         4
 Petrify                  Tmut/Erth      0%         N/A       99%         4
 Summon Lightning Spire   Summ/Air       0%         N/A       99%         4
 Arcjolt                  Conj/Air       4%         1d14      99%         5
 Fireball                 Conj/Fire      4%         3d4       99%         5
 Irradiate                Conj/Tmut      4%         3d13      99%         5
 Alistair's Intoxication  Tmut/Pois      0%         N/A       100%        5
 Blade Hands              Tmut           0%         N/A       100%        5
 Borgnjor's Vile Clutch   Necr/Erth      0%         N/A       100%        5
 Silence                  Hex/Air        0%         N/A       100%        5
 Yara's Violent Unravell  Hex/Tmut       0%         3d3       100%        5
 Death Channel            Necr           0%         N/A       100%        6
 Dispersal                Tloc           0%         N/A       100%        6
 Iron Shot                Conj/Erth      4%         9d2       100%        6
 Plasma Beam              Fire/Air       0%         2x1d11    100%        6
 Starburst                Conj/Fire      4%         6d4       100%        6
 Statue Form              Tmut/Erth      0%         N/A       100%        6
 Dragon Form              Tmut           0%         N/A       100%        7
 Haunt                    Necr/Summ      0%         N/A       100%        7
 Storm Form               Tmut/Air       0%         N/A       100%        7
 Discord                  Hex            0%         N/A       100%        8
 Ignition                 Fire           0%         3d3       100%        8
 Infestation              Necr           0%         N/A       100%        8
 Lehudib's Crystal Spear  Conj/Erth      4%         10d3      100%        8
 Necromutation            Tmut/Necr      0%         N/A       100%        8
 Chain Lightning          Conj/Air       4%         3d6       100%        9


Dungeon Overview and Level Annotations

Branches:
Dungeon (15/15)            Temple (1/1) D:4            Lair (5/5) D:8
  Swamp (4/4) Lair:3       Spider (4/4) Lair:2        Slime (5/5) Lair:5
    Orc (2/2) D:9             Elf (1/3) Orc:2        Vaults (1/5) D:14
 Depths (0/4) D:15         Bailey (visited)           IceCv (visited)
Desolation (visited)

Altars:
Ashenzari
Cheibriados
Dithmenos
Elyvilon
Fedhas
Gozag
Hepliaklqana
Kikubaaqudgha
Makhleb
Nemelex Xobeh
Okawaru
Qazlal
Ru
Sif Muna
Trog
Uskayaw
Vehumet
Wu Jian
Xom
Yredelemnul
Zin
The Shining One
Jiyva

Shops:
D:7 !!(:   D:8 *   D:11 :   D:15 [   Orc:2 (!(:   Vaults:1 !

Annotations:
D:14 exclusion: door
Lair:4 hydra
Lair:5 ; hydra
Slime:5 Royal Jelly


Innate Abilities, Weirdness & Mutations

((You are very nimble when in or above water. (Stealth+, EV+, Speed+++)))
Your lower body shifts to a powerful aquatic tail in water.
You have a pair of small horns on your head.
You have a somewhat thin skeletal structure. (Dex +2, Stealth+)
Armour fits poorly on your strangely shaped body.
Your magical capacity is low. (-10% MP)
You are strong-willed. (Will+)
You passively map a small area around you.
You are covered in fur. (AC +1)


Message History

You are splashed with acid.
You resist.
* * * LOW HITPOINT WARNING * * *
The azure jelly hits your rockslime but does no damage. x4
The rockslime hits your rockslime but does no damage.
The Royal Jelly misses you. The Royal Jelly hits you!
* * * LOW HITPOINT WARNING * * *
You are splashed with acid.
You resist.
* * * LOW HITPOINT WARNING * * *
You feel much better.
Your rockslime hits the rockslime!
The rockslime holds its ground!
The azure jelly misses you. You block the azure jelly's attack.
The azure jelly hits you.
You emit a cloud of dark smoke.
The azure jelly completely misses you.
The azure jelly completely misses your rockslime.
The azure jelly hits your rockslime!
The azure jelly freezes your rockslime!!
Your rockslime dies!
Your rockslime dissolves into shadows!
The Royal Jelly barely misses you. The Royal Jelly misses you.
The azure jelly completely misses you. You block the azure jelly's attack. x2
The azure jelly hits you but does no damage.
You feel yourself speed up. The rockslime hits you!!
* * * LOW HITPOINT WARNING * * *
You hold your ground!
You block the Royal Jelly's attack. x2
The azure jelly misses you. You block the azure jelly's attack.
The azure jelly completely misses you. The azure jelly misses you.
You block the rockslime's attack.
Unknown command.
Unknown command.
Press: ? - help, v - describe, . - travel
Here: a rockslime (black smoke, lightly wounded, umbra)
The floor.
Okay, then.
Unknown command.
As you read the scroll of teleportation, it crumbles to dust.
You feel strangely unstable. The Royal Jelly hits you!!
* * * LOW HITPOINT WARNING * * *
You emit a cloud of dark smoke.
You are splashed with acid.
You resist.
* * * LOW HITPOINT WARNING * * *
You emit a cloud of dark smoke.
The Royal Jelly hits you!
You die...

.....................
, ................ ,,
................ , ,
.....J.......... , ,
, ....##JG..#..... ,
...# ##J#####... ,
.## *#§J# ##. ,, ##J#
* , , * , #J@#* , ,
*$)[)?#J##(:φ[[# , ,
, [()?##.J##/[$)#*
#:?#|##J#:#?$##
######..###### ,
#...#.._.#G..# ,, , ,
* ..#........#...
######..####### , , *
* ,


You could see the Royal Jelly, 2 azure jellies, 2 slime creatures, a rockslime
and an eye of devastation.

Vanquished Creatures
  Nikola (Spider:1)
  Arachne (Spider:3)
  Jorgrun (Orc:1)
  Mlioglotl (Spider:1)
  6 acid blobs
  Kirke (Swamp:2)
  Agnes (Spider:1)
  Donald (Spider:1)
  Roxanne (Spider:1)
  7 emperor scorpions
  2 rockslimes
  5 imperial myrmidons (Desolation)
  10 azure jellies
  A vault warden (Vaults:1)
  A deep elf elementalist (Elf:1)
  2 ghost moths
  2 orc warlords
  4 ironbound preservers (Vaults:1)
  2 ironbound thunderhulks (Vaults:1)
  5 quicksilver oozes
  4 broodmothers (Spider:3)
  8 eleionomae
  3 bunyips
  A halazid warlock (Desolation)
  3 spark wasps
  A deep elf annihilator (Elf:1)
  A crystal guardian (Desolation)
  9 ragged hierophants (Desolation)
  4 fire dragons
  17 hydras
  A shambling mangrove (Swamp:4)
  8 vault guards
  3 entropy weavers
  4 great orbs of eyes
  Erolcha (D:12)
  8 peacekeepers
  A rakshasa (D:13)
  A spriggan air mage (Swamp:3)
  19 servants of whispers (Desolation)
  2 ironbound frosthearts (Vaults:1)
  19 two-headed ogres
  A ghost crab (Swamp:2)
  6 boulder beetles
  4 alligators
  4 ogre magi (Orc:2)
  2 radroaches
  2 dancing weapons (Elf:1)
  Erica (Orc:2)
  4 centaur warriors
  5 jorogumos
  2 orc high priests
  A spriggan berserker (Swamp:3)
  4 deep elf knights (Elf:1)
  8 pharaoh ants
  A skyshark (Lair:2)
  Sonja (D:12)
  A death drake (Swamp:4)
  A fire crab (Desolation)
  4 goliath frogs
  9 skeletal warriors
  A sun moth (Spider:3)
  4 spriggan druids
  15 deep trolls (Vaults:1)
  3 orb spiders
  11 swamp dragons
  2 deep elf archers (Elf:1)
  5 bog bodies
  6 ironbound convokers
  7 lindwurms (Vaults:1)
  3 necromancers
  10 steelbarb worms
  6 deep elf zephyrmancers (Elf:1)
  A wizard (Vaults:1)
  A phantasmal warrior (Vaults:1)
  12 deep elf pyromancers
  An orc knight (Bailey)
  An orc sorcerer (Orc:1)
  44 ugly things
  6 shining eyes
  21 wolf spiders
  3 will-o-the-wisps
  3 cyclopes
  3 moths of wrath
  3 manticores
  14 elephants
  6 guardian serpents (Desolation)
  An ice statue (IceCv)
  A vault sentinel (Vaults:1)
  An eye of devastation (Slime:1)
  8 demonic crawlers
  2 molten gargoyles (Desolation)
  3 gargoyles
  7 torpor snails
  16 cane toads
  A kobold demonologist (D:12)
  4 rime drakes
  6 komodo dragons
  An unseen horror (D:13)
  2 yaktaurs (Vaults:1)
  2 efreet
  17 ice devils (IceCv)
  An anaconda simulacrum (IceCv)
  4 freezing wraiths
  6 polar bears
  A meliai (shapeshifter) (D:14)
  7 trolls
  9 meliai
  2 blink frogs (shapeshifter)
  Grinder (D:5)
  89 saltlings
  21 blink frogs
  9 tyrant leeches
  23 tarantellas
  15 hornets
  45 slime creatures
  A centaur simulacrum (D:15)
  A yak (shapeshifter) (D:15)
  A dire elephant simulacrum (IceCv)
  15 jumping spiders
  A shadow (D:11)
  14 culicivoras
  5 wraiths
  22 spriggans
  2 wyverns
  43 yaks
  A basilisk (Lair:2)
  2 water elementals (Elf:1)
  A hog (shapeshifter) (Elf:1)
  A golden eye (Slime:2)
  A human simulacrum (Vaults:1)
  11 vampire mosquitoes
  6 death yak simulacra (IceCv)
  6 wargs
  An acid dragon (D:11)
  45 redbacks
  21 swamp worms
  12 water moccasins
  A hydra simulacrum (IceCv)
  A black bear (shapeshifter) (D:11)
  4 ice beasts
  7 swamp drakes (Swamp:4)
  21 orc warriors
  3 sky beasts
  5 black bears
  27 ogres
  An ettin simulacrum (Vaults:1)
  34 wolves
  3 boggarts (Lair:5)
  The ghost of MiddleoftheRoad the Magician, an amateur DjFE of Cheibriados (D:4)
  12 centaurs
  A phantom (D:6)
  A kobold brigand (D:10)
  4 bullfrogs
  4 scorpions
  4 cane toad simulacra (IceCv)
  An earth elemental (Elf:1)
  A glowing shapeshifter simulacrum (Vaults:1)
  2 two-headed ogre simulacra (IceCv)
  5 wights (D:9)
  7 killer bees
  4 swamp dragon simulacra (Swamp:3)
  2 elephant simulacra (IceCv)
  An electric eel (Lair:3)
  3 howler monkeys
  3 hounds
  6 jellies
  3 sleepcaps
  15 orc priests
  11 hell rats
  20 orc wizards
  2 polar bear simulacra (IceCv)
  2 spriggan simulacra (IceCv)
  6 wolf simulacra (IceCv)
  8 adders
  11 gnolls
  2 shadow imps
  13 white imps
  4 ufetubi
  2 worms
  2 dart slugs
  55 orcs
  6 bats
  20 endoplasms
  10 giant cockroaches
  8 goblins
  12 hobgoblins
  A jackal (D:4)
  8 quokkas
  5 ball pythons
  4 frilled lizards
  31 kobolds
  6 rats
1380 creatures vanquished.

Vanquished Creatures (collateral kills)
  A quicksilver ooze (Slime:5)
  2 great orbs of eyes (Slime:5)
  A ragged hierophant (Desolation)
  A slime creature (Slime:5)
5 creatures vanquished.

Vanquished Creatures (others)
  A wolf spider (Spider:1)
  2 bloated husks
  A spriggan (Lair:5)
  A human (Swamp:2)
  2 redbacks (Spider:1)
  14 foxfires
21 creatures vanquished.

Grand Total: 1406 creatures vanquished

Notes
Turn   | Place    | Note
-------+----------+-------------------------------------------
     0 | D:1      | Nonny the Merfolk Gladiator began the quest for the Orb.
     0 | D:1      | Reached XP level 1. HP: 16/16 MP: 1/1
    93 | D:1      | Reached XP level 2. HP: 17/22 MP: 2/2
   167 | D:1      | You fall into a shaft and drop 1 floor!
   236 | D:2      | Reached skill level 1 in Stealth
   324 | D:2      | Reached XP level 3. HP: 27/27 MP: 3/3
   456 | D:1      | +2 pair of boots in hall south of start; adjacent to helmet
                  | hallway
   822 | D:1      | Found a faded altar of an unknown god.
  1237 | D:1      | D:2 uphatch as viable for orbrun as other stairs.
  1275 | D:2      | D:1 downhatch leads to western D:2.
  1287 | D:2      | Reached XP level 4. HP: 32/33 MP: 4/4
  1619 | D:3      | Reached skill level 5 in Long Blades
  2060 | D:3      | Reached XP level 5. HP: 21/38 MP: 5/5
  2389 | D:3      | Reached skill level 5 in Dodging
  2649 | D:3      | Reached XP level 6. HP: 24/44 MP: 6/6
  2907 | D:4      | Noticed a sky beast
  2927 | D:4      | Killed a sky beast
  2974 | D:4      | Reached XP level 7. HP: 50/50 MP: 7/7
  3048 | D:4      | Found a runed translucent door.
  3053 | D:4      | Noticed MiddleoftheRoad's ghost (amateur DjFE)
  3246 | D:4      | Slime vault in center of floor.
  3493 | D:3      | D:4 uphatch leads to northeastern D:3.
  3864 | D:4      | Found a staircase to the Ecumenical Temple.
  3874 | Temple   | Entered the Ecumenical Temple
  3942 | Temple   | Became a worshipper of Dithmenos the Shadowed
  4127 | D:5      | Entered Level 5 of the Dungeon
  4140 | D:5      | Noticed Grinder
  4201 | D:5      | Found a bloodstained altar of Trog.
  4551 | D:4      | D:5 uphatch leads to hallway that connects to Temple vault
                  | in southeast D:4; viable for orbrun
  4711 | D:5      | Reached XP level 8. HP: 57/57 MP: 8/8
  5220 | D:5      | Killed Grinder
  5221 | D:5      | Reached skill level 3 in Fighting
  5221 | D:5      | Reached skill level 10 in Long Blades
  5607 | D:6      | Found a shimmering altar of Xom.
  5632 | D:6      | +1 leather armor of fire resistance in northeast
  6087 | D:6      | Reached skill level 4 in Fighting
  6087 | D:6      | Reached XP level 9. HP: 65/65 MP: 9/9
  6595 | D:5      | D:6 uphatch leads to northwestern D:5; viable for orbrun.
  6775 | D:7      | Found Oseolid's Distillery.
  6782 | D:7      | Found Calabbuc's Weapon Boutique.
  6815 | D:7      | Found Xiruu's Distillery.
  6906 | D:7      | Reached * piety under Dithmenos
  6988 | D:7      | Bought a potion of heal wounds for 65 gold pieces
  7279 | D:7      | Reached skill level 5 in Fighting
  7333 | D:7      | Southeastern stone wall vault with several enemies and
                  | useful items.
  7589 | D:7      | Found Gawkunyfi's Book Emporium.
  7681 | D:7      | Found a glowing golden altar of the Shining One.
  7699 | D:7      | Found a white marble altar of Elyvilon.
  7991 | D:8      | Noticed a polar bear
  8048 | D:8      | Killed a polar bear
  8188 | D:8      | Found a staircase to the Lair.
  8207 | D:8      | Noticed a two-headed ogre
  8394 | D:8      | Killed a two-headed ogre
  8395 | D:8      | Reached skill level 6 in Fighting
  8395 | D:8      | Reached XP level 10. HP: 43/76 MP: 10/10
  8605 | D:8      | Reached skill level 5 in Throwing
  8801 | D:8      | Found a radiant altar of Vehumet.
  9391 | D:8      | Found Haijou's General Store.
  9402 | D:8      | Bought a potion of curing for 45 gold pieces
  9939 | D:9      | Reached ** piety under Dithmenos
 10139 | D:9      | Found a staircase to the Orcish Mines.
 10310 | D:9      | Reached skill level 7 in Fighting
 10363 | D:9      | +5 scimitar of freezing on wight
 10961 | D:10     | Entered Level 10 of the Dungeon
 11007 | D:10     | Found a sparkling altar of Nemelex Xobeh.
 11070 | D:10     | Found a shimmering blue altar of Sif Muna.
 11086 | D:10     | Found a flagged portal.
 11096 | D:10     | Bailey in south.
 11171 | Bailey   | Entered a bailey
 11235 | Bailey   | Noticed an orc warlord
 11279 | Bailey   | Noticed an orc knight
 11572 | Bailey   | Killed an orc knight
 11573 | Bailey   | Reached skill level 10 in Dodging
 11650 | Bailey   | Found a runed translucent gate.
 11651 | Bailey   | Found a runed translucent gate.
 11652 | Bailey   | Found a runed translucent gate.
 12097 | Bailey   | Killed an orc warlord
 12098 | Bailey   | Reached XP level 11. HP: 85/85 MP: 11/11
 12153 | Bailey   | Acquired the ring "Qauwan" {rElec rPois SInv}
 12391 | D:10     | Reached skill level 8 in Fighting
 12720 | D:11     | Found Sishav's Self-Improvement Boutique.
 12726 | D:11     | Noticed a fire dragon
 12793 | D:11     | Reached *** piety under Dithmenos
 12856 | D:11     | Noticed a skeletal warrior
 12856 | D:11     | Noticed a skeletal warrior
 12920 | Orc:1    | Entered Level 1 of the Orcish Mines
 13125 | Orc:2    | Entered Level 2 of the Orcish Mines
 13253 | Orc:2    | Noticed an orc warlord
 13277 | Orc:2    | Killed an orc warlord
 13330 | Orc:2    | Noticed an orc high priest
 13332 | Orc:2    | Noticed a sixfirhy
 13565 | Orc:1    | Reached skill level 9 in Fighting
 13688 | Orc:2    | Noticed an orc sorcerer
 13737 | Lair:1   | Entered Level 1 of the Lair of Beasts
 14083 | Lair:1   | ice dragon scales in east
 14723 | Lair:2   | Reached skill level 10 in Fighting
 14784 | Lair:2   | Reached **** piety under Dithmenos
 14815 | Lair:2   | Reached skill level 1 in Armour
 14818 | Lair:2   | Reached XP level 12. HP: 75/97 MP: 12/12
 14838 | Lair:2   | Noticed a skyshark
 14851 | Lair:2   | Killed a skyshark
 15412 | Lair:2   | Found a hole to the Spider Nest.
 15559 | Lair:3   | Reached skill level 11 in Fighting
 15732 | Lair:3   | Reached skill level 5 in Stealth
 15848 | Lair:3   | Found a staircase to the Swamp.
 15940 | Lair:3   | Reached skill level 12 in Fighting
 16023 | Lair:3   | Reached XP level 13. HP: 96/109 MP: 13/13
 16775 | Lair:4   | Reached skill level 13 in Fighting
 16839 | Lair:4   | Reached ***** piety under Dithmenos
 16840 | Lair:4   | Reached skill level 5 in Armour
 17938 | Lair:5   | Entered Level 5 of the Lair of Beasts
 18245 | Lair:4   | Reached skill level 14 in Fighting
 18500 | Lair:5   | Found a runed translucent door.
 18508 | Lair:5   | Identified the staff of earth "Meddus" {Dex+3}
 18514 | Lair:5   | Found a staircase to the Slime Pits.
 18514 | Lair:5   | Noticed an azure jelly
 18515 | Lair:5   | Noticed an azure jelly
 18674 | Lair:5   | Lair:4 downhatch leads to eastern Lair:5.
 19117 | D:12     | Noticed Erolcha
 19176 | D:12     | Killed Erolcha
 19177 | D:12     | Reached skill level 15 in Fighting
 19184 | D:12     | Reached XP level 14. HP: 123/123 MP: 10/14
 19942 | D:12     | Reached skill level 16 in Fighting
 20023 | D:12     | Noticed Sonja
 20027 | D:12     | Killed Sonja
 20466 | D:13     | Found a frozen archway.
 20489 | D:13     | Ice cave in west.
 20510 | IceCv    | Entered an ice cave
 20593 | IceCv    | Reached ****** piety under Dithmenos
 21065 | IceCv    | Reached skill level 1 in Shields
 21228 | IceCv    | Reached skill level 17 in Fighting
 21240 | IceCv    | phial of floods
 21295 | IceCv    | Found an ancient bone altar of Kikubaaqudgha.
 21786 | IceCv    | Ice Cave: simulacra, necromancer, ice devil; necromancer in
                  | northwest, tons of enemies in northeast
 22725 | Orc:2    | Gained mutation: You are weak. (Str -2) [a neqoxec]
 23080 | Orc:2    | Reached skill level 18 in Fighting
 23115 | Orc:2    | Reached XP level 15. HP: 124/136 MP: 15/15
 23229 | Orc:2    | Paralysed by an ogre mage for 5 turns
 23352 | Orc:2    | Found a staircase to the Elven Halls.
 23398 | Orc:2    | Reached skill level 5 in Shields
 23410 | Orc:2    | Found Fitzihas's Distillery.
 23410 | Orc:2    | Found Modent's Book Shoppe.
 23411 | Orc:2    | Found Junutyme's Weapon Emporium.
 23411 | Orc:2    | Found Wuuch's Antique Weapon Shop.
 23417 | Orc:2    | Ogre vault in west; even with all those high level orcs in
                  | the east, this seems to be the endvault.
 23421 | Orc:2    | Bought a potion of haste for 140 gold pieces
 23421 | Orc:2    | Bought a potion of heal wounds for 70 gold pieces
 23421 | Orc:2    | Bought a potion of mutation for 112 gold pieces
 23680 | Orc:2    | Bought a potion of cancellation for 112 gold pieces
 23682 | Orc:2    | Bought a runed long sword for 169 gold pieces
 23868 | Orc:1    | Noticed Erica
 23902 | Orc:1    | Noticed Jorgrun
 23915 | Orc:2    | Killed Erica
 23948 | Orc:1    | Reached skill level 19 in Fighting
 23980 | Orc:1    | Killed Jorgrun
 25618 | Swamp:1  | Entered Level 1 of the Swamp
 25748 | Swamp:1  | Swamp entrance is so nasty I wonder how I'm not dead yet.
 25921 | Swamp:1  | Acquired a manual of Ice Magic
 25974 | Swamp:1  | Learned a level 5 spell: Freezing Cloud
 26026 | Swamp:1  | Reached skill level 1 in Ice Magic
 26053 | Swamp:1  | Reached XP level 16. HP: 98/148 MP: 16/16
 26110 | Swamp:1  | Reached skill level 20 in Fighting
 26600 | Swamp:2  | Noticed Kirke
 26611 | Swamp:2  | Killed Kirke
 26704 | Swamp:2  | Reached skill level 5 in Ice Magic
 27054 | Swamp:3  | Identified the +0 arbalest of Vuxecasm {flame, Contam
                  | +Blink rN+ MP+9 Str+4}
 27611 | Swamp:3  | Identified the +5 chain mail "Kuerr" {rF+ SInv}
 27752 | Swamp:4  | Entered Level 4 of the Swamp
 28704 | Swamp:4  | Reached skill level 10 in Stealth
 28764 | Swamp:4  | Reached skill level 1 in Evocations
 28848 | Swamp:4  | Got a decaying rune of Zot
 28883 | Swamp:4  | Reached XP level 17. HP: 128/155 MP: 17/17
 29687 | D:4      | Killed MiddleoftheRoad's ghost
 29945 | D:15     | Entered Level 15 of the Dungeon
 29956 | D:15     | Reached skill level 10 in Ice Magic
 30083 | D:15     | Learned a level 3 spell: Frozen Ramparts
 30257 | D:15     | Found Sioj's Superior Scales.
 30414 | D:15     | Reached skill level 15 in Dodging
 30425 | D:15     | Found a staircase to the Depths.
 31041 | D:14     | Reached skill level 15 in Long Blades
 31163 | D:14     | This floor has a ton of ugly things!
 31353 | D:14     | Found a gate to the Vaults.
 31684 | Vaults:1 | Entered Level 1 of the Vaults
 31705 | Vaults:1 | Found a crumbling gateway.
 31745 | Vaults:1 | Desolation of Salt in the west; north of entrance
 31746 | Desolati | Entered the Desolation of Salt
 32085 | Desolati | Identified the +3 scale mail "Keum" {Harm rF+ rN+ Str-3
                  | Int+8}
 32147 | Desolati | Identified the +1 chain mail of the Frog {Fly rElec rCorr}
 32329 | Desolati | Reached XP level 18. HP: 114/162 MP: 18/18
 32399 | Desolati | Got the Guidebook on Star-crossed Fumes
 32571 | Desolati | Reached skill level 5 in Evocations
 32771 | Desolati | Got Roxanne's Papyrus of the Amorphous Valley
 32772 | Desolati | Identified the +4 flail of the Reaper {holy, rElec rN+}
 33345 | Desolati | Identified the +8 dagger of Purpose {drain, rElec rC+}
 33357 | Desolati | Reached skill level 10 in Shields
 33507 | Desolati | Identified the ring of the Sun {Fly rC+ rN+ rCorr Int+7
                  | Stlth-}
 33696 | Desolati | Got Geitaed's Secrets of the Spatial Switch
 33772 | Desolati | Identified the +3 leather armour "Dilarell" {rElec rPois
                  | Dex+3}
 34068 | Desolati | Identified the +3 plate armour of Beogh's Favour {Will-
                  | Regen+ rCorr Str+6}
 34351 | Desolati | Got the Folio of Voltage
 35038 | Vaults:1 | Reached XP level 19. HP: 150/169 MP: 19/19
 35390 | D:11     | Bought a manual of Fighting for 1120 gold pieces
 35803 | Vaults:1 | Found Rasual's Distillery.
 35807 | Vaults:1 | Bought 2 potions of haste for 340 gold pieces
 35807 | Vaults:1 | Bought a potion of haste for 170 gold pieces
 35807 | Vaults:1 | Bought a potion of haste for 170 gold pieces
 36444 | Elf:1    | Entered Level 1 of the Elven Halls
 36797 | Elf:1    | Got Hoecw's Annotations on Bolts
 37422 | Spider:1 | Entered Level 1 of the Spider Nest
 37453 | Spider:1 | Noticed Nikola
 37486 | Spider:1 | Killed Nikola
 37620 | Spider:1 | Noticed Agnes
 37631 | Spider:1 | Killed Agnes
 37632 | Spider:1 | Reached skill level 15 in Stealth
 37633 | Spider:1 | Agnes spawns with +5 lagatang of distortion.
 37813 | Spider:1 | Identified Roxanne's Handbook of Geomancy
 37813 | Spider:1 | Noticed Roxanne
 37854 | Spider:1 | Killed Roxanne
 38027 | Spider:1 | Noticed Mlioglotl
 38032 | Spider:1 | Killed Mlioglotl
 38320 | Spider:1 | Noticed Donald
 38344 | Spider:1 | Killed Donald
 38446 | Spider:1 | Reached skill level 15 in Ice Magic
 38692 | Spider:2 | You fall into a shaft and drop 1 floor!
 38844 | Spider:3 | Reached skill level 1 in Conjurations
 38951 | Spider:3 | Reached skill level 21 in Fighting
 39594 | Spider:3 | Reached XP level 20. HP: 144/180 MP: 20/20
 39711 | Spider:3 | lightning rod + phantom mirror
 40174 | Spider:2 | Acquired 828 gold pieces
 40478 | Spider:4 | Entered Level 4 of the Spider Nest
 40674 | Spider:4 | Noticed Arachne
 40740 | Spider:3 | Killed Arachne
 40892 | Spider:4 | Reached skill level 22 in Fighting
 41428 | Spider:4 | Got a gossamer rune of Zot
 41510 | Spider:4 | +1 barding of fire resistance
 41861 | Lair:5   | Reached skill level 15 in Shields
 41877 | Slime:1  | Entered Level 1 of the Pits of Slime
 41883 | Slime:1  | Paralysed by a great orb of eyes for 2 turns
 41996 | Slime:2  | Gained mutation: You are vulnerable to cold. (rC-) [a
                  | shining eye]
 42017 | Slime:2  | Lost mutation: You are weak. (Str -2) [potion of mutation]
 42017 | Slime:2  | Lost mutation: You are vulnerable to cold. (rC-) [potion of
                  | mutation]
 42017 | Slime:2  | Gained mutation: You expend magic power (3 MP) to
                  | strengthen your wands. [potion of mutation]
 42017 | Slime:2  | Lost mutation: You expend magic power (3 MP) to strengthen
                  | your wands. [potion of mutation]
 42017 | Slime:2  | Gained mutation: You have an increased reservoir of magic.
                  | (+10% MP) [potion of mutation]
 42047 | Slime:2  | Gained mutation: You occasionally shout uncontrollably at
                  | your foes. [a shining eye]
 42049 | Slime:2  | Paralysed by a great orb of eyes for 2 turns
 42052 | Slime:2  | Gained mutation: You occasionally lose the ability to read
                  | scrolls when taking damage. [a shining eye]
 42164 | Slime:1  | Lost mutation: You occasionally lose the ability to read
                  | scrolls when taking damage. [potion of mutation]
 42164 | Slime:1  | Lost mutation: You occasionally shout uncontrollably at
                  | your foes. [potion of mutation]
 42164 | Slime:1  | Gained mutation: You are partially covered in iridescent
                  | scales. (AC +2) [potion of mutation]
 42166 | Slime:2  | Gained mutation: You have hidden genetic potential. [a
                  | shining eye]
 42167 | Slime:2  | Gained mutation: You are vulnerable to cold. (rC-) [a
                  | shining eye]
 42170 | Slime:1  | Gained mutation: Armour fits poorly on your strangely
                  | shaped body. [a shining eye]
 42171 | Slime:1  | Lost mutation: You have an increased reservoir of magic.
                  | (+10% MP) [a shining eye]
 42309 | Lair:5   | Reached skill level 23 in Fighting
 42364 | Slime:1  | Gained mutation: You occasionally lose the ability to drink
                  | potions when taking damage. [a shining eye]
 42366 | Slime:1  | Gained mutation: You are weak. (Str -2) [a shining eye]
 42375 | Slime:1  | Lost mutation: Armour fits poorly on your strangely shaped
                  | body. [potion of mutation]
 42375 | Slime:1  | Lost mutation: You are weak. (Str -2) [potion of mutation]
 42375 | Slime:1  | Lost mutation: You have hidden genetic potential. [potion
                  | of mutation]
 42375 | Slime:1  | Gained mutation: You occasionally lose the ability to read
                  | scrolls when taking damage. [potion of mutation]
 42375 | Slime:1  | Gained mutation: Potions are less effective at restoring
                  | your health. [potion of mutation]
 42376 | Slime:1  | Lost mutation: Potions are less effective at restoring your
                  | health. [potion of mutation]
 42376 | Slime:1  | Lost mutation: You occasionally lose the ability to read
                  | scrolls when taking damage. [potion of mutation]
 42376 | Slime:1  | Lost mutation: You are partially covered in iridescent
                  | scales. (AC +2) [potion of mutation]
 42376 | Slime:1  | Gained mutation: Armour fits poorly on your strangely
                  | shaped body. [potion of mutation]
 42376 | Slime:1  | Gained mutation: Your body sometimes deteriorates upon
                  | taking damage. [potion of mutation]
 42376 | Slime:1  | Gained mutation: You have a pair of small horns on your
                  | head. [potion of mutation]
 42377 | Slime:1  | Lost mutation: You occasionally lose the ability to drink
                  | potions when taking damage. [potion of mutation]
 42377 | Slime:1  | Lost mutation: You are vulnerable to cold. (rC-) [potion of
                  | mutation]
 42377 | Slime:1  | Lost mutation: Your body sometimes deteriorates upon taking
                  | damage. [potion of mutation]
 42377 | Slime:1  | Gained mutation: You are covered in fur. (AC +1) [potion of
                  | mutation]
 42377 | Slime:1  | Gained mutation: You are strong-willed. (Will+) [potion of
                  | mutation]
 42377 | Slime:1  | Gained mutation: You passively map a small area around you.
                  | [potion of mutation]
 42377 | Slime:1  | Gained mutation: You have a somewhat thin skeletal
                  | structure. (Dex +2, Stealth+) [potion of mutation]
 42588 | Slime:2  | Gained mutation: Your magical capacity is low. (-10% MP) [a
                  | shining eye]
 42603 | Slime:1  | Reached skill level 5 in Conjurations
 42806 | Slime:5  | Entered Level 5 of the Pits of Slime
 43031 | Slime:5  | Reached skill level 24 in Fighting
 43194 | Slime:5  | Reached XP level 21. HP: 195/195 MP: 18/18
 43212 | Slime:5  | Found a viscous altar of Jiyva.
 43213 | Slime:5  | Noticed the Royal Jelly
 43258 | Slime:5  | HP: 9/196 [acid (4)]
 43258 | Slime:5  | Mangled by the Royal Jelly

Illustrated notes #..######### #..# ######## #..# #......# ### #..# #......# #.. #..# #......# #.# ##..# #......# #.# #..####......###.#.# ##.#..'..........#.# #.#@##......#####.## #[#.##............#. #.#.##.########.#... #.#.##..........#.#. #.#.#############.#. #.#.. ..#. #.#################. #................... ###########..####### Turn 456 on D:1: +2 pair of boots in hall south of start; adjacent to helmet hallway #........######.. ######........##...'.. #................###.. #..............#####.. #...............^..### #.....#####..######.## #.....# #.#.....##.# #.....#####.#..##.###. #....@##....#.#.###[## #.......>........##... ####........#.....#### #........####...... #........#######..# #........##.....#.# #........##.....#.# #........'......#.# #........##.....#.# Turn 1237 on D:1: D:2 uphatch as viable for orbrun as other stairs. ###.####.# ### ...#. #.####.#### ..... #.........# .....#####.####.##.# .............†.....# ...........####.##.# ...........# #.##.# ...........####.##.# #....@........##.# #........###..##.# #........# #..##.# #........###.>...# #...#.#.##.........## #...#.#.###.....###.## ... ....#..>##.###...### #. ##.#.#.####.##....... .#.#. #.###...### Turn 1275 on D:2: D:1 downhatch leads to western D:2. .....# #..........# .....# #####......# .....# #......#### .....# #.........# .....# #......##.# .....# #########.# ###.## ########.# #.# ##########..÷...##.# #)####......##@....P.##.# #..##.......#.#....÷.##.# #..'........#.#.P....##.# ###..'........#.#....÷.##.# .....'......#'#.#...PP.##.# ..##.##.....#.#.#÷....J##.# #.######....#.#)#.PP...##.# #...# #######.##.....)##.# ###.## ######### #.# Turn 3246 on D:4: Slime vault in center of floor. #.#.#...######.# #.#.........##.# #.#.....###.##.####### .....................# .##...#..##.##.#####.# .##...#........# #.# ...............#####.# .##...#..##.##.......# .##.............@..#.# .##......#.###.......# #####.#..#.....###.### #........#.###.# #.# #.###.#.##.###.# #.# ........>†.....# #.# #.###.#........# #.# ...............# #.# #.###.##.#####.# #.# Turn 3493 on D:3: D:4 uphatch leads to northeastern D:3. #.....# ##.#......# #. ####### #.###....# #. #.####..######. ####.............. #.....#####.....## #..#........###.## #..##.......# #... #..8#......## ###. #@.######### #.. #..# #.# #..## ##.. #..8# ##... #..###########...# #..##...........## #..##..........##. #..⌠#....###..##.. ###########..##....# #..#⌠.. Turn 4551 on D:4: D:5 uphatch leads to hallway that connects to Temple vault in southeast D:4; viable for orbrun ### ##.# #..# . #..## .# ... ##..@# ..# ....#....## ..# # #......)##..## ## ###........... .. ###......... ...# #####........ #... #...#....###. #.. ###.#.......# #..## #.._.........# Turn 5632 on D:6: +1 leather armor of fire resistance in northeast #.........# ##...## #....... #####.##### ##.....## #.##.### #..## ##.......## ##.##.### ##...####.........####...#..## #.......'.........'........... ##...####.........####...##.## #....####.......## ##....... #.....# ##.....## #....... #.....# ##.@.## #.###.## #...<.# ##'## #.##..## ##...## #.# #.##.### ##.## #.# #.##.### #.# ##.## ######....... #.# ###...###.........### #.# #.......#.######..# #.# #.......#.# #..# #.#####.......#.######..# Turn 6595 on D:5: D:6 uphatch leads to northwestern D:5; viable for orbrun. #............. ##....[....... #..##...###.. # #.###.#.#.#.#.# # #.###..†#.#...### .# #....###)..###.. .# .#####..#.#[#.#.#)#.#..# ...$......##.#.#.##....# .......###..#@#.#..### .......#...#.#.#.#...# .......###..#.#.#..### ..........##.#.#.##.. ...)....#.#.#.#.#.#.#.. ....... ..###...###.. . .......### ..#.#.. ### #.#.#)#.#.# # . ### . # Turn 7333 on D:7: Southeastern stone wall vault with several enemies and useful items. ##...## ##.## ##.....####.## ##..###..#..## #..## #...## .<## #...## .## #....##### ..## #..###....## ...# ##.. ####..# ##....#.. ##@# ##..## #)# ##..# #)# ###..## ## #[## .....# ..# #..## ### .....### #.####z.####..# .......## #..# #........# ........####..# ##.......# .........##...# ##.......# Turn 10363 on D:9: +5 scimitar of freezing on wight #.......#.....#......# #.......####..#......# ######### ##.......<# ######..##+## #..........# #.~~~~~≈~.## #.~#####~..# #.~#...#~..# #.~.)@.#≈..# #.~#)..# ..# #.≈##### ..# #.~≈ .+ #... #### Turn 11096 on D:10: Bailey in south. # #..##..... .. #....[.... ## #..# # #..# # #..# ##########..# . #..#.#.#P#..#########... ........................ ................@....... ........................ ........................ .............###.##.##.. .#+.####.....# #.# ## . .......#.....##... ................... .......#.....###...# .#...........# Turn 14083 on Lair:1: ice dragon scales in east

#.............#.⌠.#........#.#
+..............÷...#........#
#...⌠..⌠.⌠.⌠....<.⌠#.......P#
.............#.....#..#.....#
#............##.⌠..##.†#....#
######...⌠..####÷#..#+#....##
.####.......##..#...÷.......#
.#........÷###...#......#...#
.+...⌠...##.##.÷@#.....##...#
.........###......#...##....#
.......##.###...#.#+...##...#
.....##.#...#P..###.####...)#
..####...........##..##†#...##
.†......................†...P#
.......÷....................##
.........P.................##
...........##...............#


Turn 18674 on Lair:5: Lair:4 downhatch leads to eastern Lair:5. #..........#
#...+..........# #...#..........# #...#..........# ### #..#..........#
#..##..#####).....# #.................# #.................+ #........@........#
#.................# #.................# #......##...........
#......#...#........ #......#...+....... #......##..#...... #......##..# .....
#####...#..# ..... Turn 20489 on D:13: Ice cave in west. #### #..## ###...##
##......## ###....##..# ##.....##...# # #......#@...#:# ##......#)...'.#
#..#.^..##...### ##.##....##..# ##..##......## #..####....## ##..# ###.### ##.##
####.. #..## #.. Turn 21240 on IceCv: phial of floods ### #####...## ##.## # ###
## ##. #### ##.. ##..## #### #... ##....#####..####.. #.......##....##...
#.@.∩.......#...... #..........###..... ##....##..## ###... ##..###### ##.. ####
#... ##.. ##. ## Turn 21786 on IceCv: Ice Cave: simulacra, necromancer, ice
devil; necromancer in northwest, tons of enemies in northeast #........#
#........# .. #........# .. #.# #..#........#..# #. #..#........#... .
......∩∩....... ......∩∩....... ## #....@...# ##. #........# ... #........# ...
#........# ..... ... # #........#...... ... #..##......##....... ... #..
#......##............ #..###....###...#.#.....# #...###).###.....###..... Turn
23417 on Orc:2: Ogre vault in west; even with all those high level orcs in the
east, this seems to be the endvault. ♣~.......~...... ~ ♣~..~~...~.~)..
~~♣~.....~..~.... . ~~.~~~~........~ .. .^.~~~~~~.(.$.~~... ..~~~~~~~~.>♣♣ w.~~
♣...~~~~~D~wD♣.~... ..~~..~†~~~..~.~~~~ ..~§...~~~i@w.~.... ~~~.w..~~~..♣~~.~~~
~~..♣♣.~~~)..♣♣.~~~ ..~♣♣~...[!.$♣ .~~ ~♣♣ ♣♣♣♣....♣♣ ~~ ♣♣♣♣♣♣ Turn 25748 on
Swamp:1: Swamp entrance is so nasty I wonder how I'm not dead yet.
.................#...#....u.###.. .......###....##.>.....##.....#..
##########...<...###.#.##u....... ##.........................#..
####.......)...........u.....##.. ........†...######....u..........
............# #..u
